 Dungeon Crawl Stone Soup version 0.31.0-11-ge490571c62 (webtiles) character file.

Game seed: 534488505571376757

58 qw the Shooter (level 3, -5/20 HPs)
             Began as a Deep Elf Hunter on Feb 3, 2024.
             Killed by nerve-wracking pain
             ... invoked by Grinder
              (14 damage)
             ... on level 3 of the Dungeon.
             The game lasted 00:00:04 (808 turns).

qw the Shooter (Deep Elf Hunter)                     Turns: 808, Time: 00:00:04

Health: -5/20      AC:  5    Str: 10    XL:     3   Next: 76%
Magic:  5/5        EV: 11    Int: 13    God:
Gold:   72         SH:  0    Dex: 18    Spells: 2/2 levels left

rFire   . . .        a - +1 shortbow
rCold   . . .        (shield currently unavailable)
rNeg    . . .        h - +0 ring mail
rPois   .            (no helmet)
rElec   .            (no cloak)
rCorr   .            (no gloves)
SInv    .            (no boots)
Will    .....        (no amulet)
Stlth   +            (no ring)
HPRegen 0.23/turn    (no ring)
MPRegen 0.09/turn

%: no passive effects
@: no status effects
A: no striking features
a: no special abilities


You were on level 3 of the Dungeon.
You visited 1 branch of the dungeon, and saw 3 of its levels.

You collected 72 gold pieces.


   Skills:
 - Level 1.5 Fighting
 + Level 7.2 Ranged Weapons
 - Level 2.4 Dodging
 - Level 1.2 Stealth


You had 2 spell levels left.
You didn't know any spells.
Your spell library was empty.

Inventory:

Hand Weapons
 a - a +1 shortbow (weapon)
Armour
 h - a +0 ring mail (worn)
Potions
 d - a potion of curing
 f - a potion of lignification {unknown}

Dungeon Overview and Level Annotations

Branches:
Dungeon (3/15)

Altars:

Annotations:
D:3 Grinder


Message History

The adder closely misses you.
You shoot an arrow. The arrow hits the adder!
You kill the adder!
You shoot an arrow. The arrow hits the hobgoblin!
You kill the hobgoblin!
You shoot an arrow.
The arrow hits Grinder but does no damage.
Grinder is heavily wounded.
Grinder blinks!
You shoot an arrow. The arrow hits the orc.
The orc is moderately wounded.
The orc hits you with a +0 dagger.
You shoot an arrow. The arrow hits the orc.
You kill the orc!
You shoot an arrow. The arrow hits the orc.
The orc is severely wounded.
The orc misses you.
You shoot an arrow. The arrow hits the orc!
You kill the orc!
Grinder blinks!
You start resting.
Grinder is nearby!
You shoot an arrow. The arrow hits Grinder!
Grinder is severely wounded.
Grinder blinks!
You start resting.
Grinder is nearby!
You shoot an arrow. The arrow barely misses Grinder.
You shoot an arrow. The arrow closely misses Grinder.
You start resting.
Grinder is nearby!
You shoot an arrow. The arrow closely misses Grinder.
You start resting.
Grinder is nearby!
You shoot an arrow. The arrow barely misses Grinder.
Grinder gestures at you. Pain shoots through your body!
Ouch! That really hurt!
You die...
Grinder says, "Hey, I wasn't done torturing you yet!"

##########
#)5......#
#@#......#
#.#..o...#
#.#..<...#
#.#......#
#.#.?....#
#...#..#.#
.......#.#
##..#.# .o


You could see Grinder.

Vanquished Creatures
  2 adders
  2 dart slugs (D:1)
  2 orcs (D:3)
  4 endoplasms
  A giant cockroach (D:1)
  4 goblins (D:1)
  3 hobgoblins
  2 quokkas (D:1)
  3 ball pythons (D:1)
  3 bats (D:1)
  4 frilled lizards
  2 kobolds
  2 rats (D:1)
34 creatures vanquished.

Notes
Turn   | Place    | Note
-------+----------+-------------------------------------------
     0 | D:1      | qw the Deep Elf Hunter began the quest for the Orb.
     0 | D:1      | Reached XP level 1. HP: 12/12 MP: 3/3
     0 | D:1      | 0 ||| qw: Version: 0.3-a-158-g18b3111
     0 | D:1      | 0 ||| qw: Game counter: 4189
     0 | D:1      | 0 ||| qw: Melee chars always use a shield: true
     0 | D:1      | 0 ||| qw: God list: Okawaru
     0 | D:1      | 0 ||| qw: Allow faded altars: false
     0 | D:1      | 0 ||| qw: Do Orc after clearing Dungeon:15 true
     0 | D:1      | 0 ||| qw: Do second Lair branch before Depths: true
     0 | D:1      | 0 ||| qw: Lair rune preference: random
     0 | D:1      | 0 ||| qw: Goals: Normal
     0 | D:1      | 0 ||| PLANNING D:1-11
   141 | D:1      | Reached XP level 2. HP: 16/16 MP: 4/4
   142 | D:1      | Reached skill level 6 in Ranged Weapons
   151 | D:1      | 151 ||| READING scroll labelled BUVYER LAORIJI.
   446 | D:1      | Reached XP level 3. HP: 20/20 MP: 5/5
   530 | D:1      | 530 ||| UPGRADING to +0 ring mail.
   540 | D:1      | 540 ||| DROPPING +0 leather armour.
   541 | D:1      | 541 ||| READING scroll labelled DER AMAUNK.
   542 | D:1      | 542 ||| READING scroll labelled VISEIHATS KUWEE.
   542 | D:1      | 542 ||| ENCHANTING +0 shortbow.
   543 | D:1      | 543 ||| READING scroll labelled RISIVU PIPEREY.
   644 | D:1      | 644 ||| DRINKING 2 smoky white potions.
   645 | D:1      | 645 ||| DROPPING scroll of butterflies.
   763 | D:2      | Reached skill level 7 in Ranged Weapons
   768 | D:2      | You fall into a shaft and drop 1 floor!
   769 | D:3      | Noticed Grinder
   776 | D:3      | 776 ||| RETREEEEATING.
   781 | D:3      | 781 ||| RETREEEEATING.
   782 | D:3      | 782 ||| RETREEEEATING.
   783 | D:3      | 783 ||| RETREEEEATING.
   784 | D:3      | 784 ||| RETREEEEATING.
   784 | D:3      | Paralysed by Grinder for 2 turns
   786 | D:3      | 786 ||| RETREEEEATING.
   790 | D:3      | HP: 5/20 [orc/+0 dagger (3)]
   808 | D:3      | Killed from afar by Grinder

Levels and vault maps discovered:
D:1:      mainiacjoe_arrival_oval_in_oval, layout_basic, serial_glass,
          glass_columns_c, glass_columns_a, glass_columns_b, glass_columns_a,
          glass_columns_c, glass_columns_a, glass_columns_a, glass_columns_b
D:2:      layout_loops_corners, minmay_octomino_c4
D:3:      layout_basic, st_stairs_11, uniq_grinder

Skill      XL: |  1  2  3 |
---------------+----------+-----
Ranged Weapons | 6 7 |  7.2
Fighting       | |  1.5
Dodging        | |  2.4
Stealth        | |  1.2

Action                     || total
---------------------------++-------
   Fire: Shortbow          ||    86
    Use: Scroll            ||     4
         Potion            ||     1
 Armour: Leather armour    ||     1
         Ring mail         ||    10
  Dodge: Dodged            ||     9

Table legend:
 A = Non-vault XP
 B = Vault XP
 C = Vault XP percentage of total XP
 D = Non-vault monster count
 E = Vault monster count
 F = Vault count percentage of total count
                 A         B        C        D         E       F
            +---------+---------+-------+---------+---------+-------
      Total |      84 |       0 |   0.0 |      34 |       0 |   0.0
            +---------+---------+-------+---------+---------+-------
        D:1 |      44 |       0 |   0.0 |      25 |       0 |   0.0
        D:2 |      19 |       0 |   0.0 |       5 |       0 |   0.0
        D:3 |      21 |       0 |   0.0 |       4 |       0 |   0.0
            +---------+---------+-------+---------+---------+-------
